| TOP OF THE 1ST |
|
Pawtucket Red Sox batting - Pitching for Buffalo Bisons : RHP Justin Sedivy
|
|
Pitching: RHP Justin Sedivy
|
|
|
Batting: RHB Mike Quackenbush
|
0-0: Ball 1-0: Ball 2-0: Ball 3-0: Called Strike 3-1: Foul Ball, location: 2F 3-2: Strikes out swinging
|
|
Batting: RHB Scott Treider
|
0-0: Called Strike 0-1: Ball 1-1: Swinging Strike 1-2: Strikes out looking
|
|
Batting: LHB Shoichi Aso
|
0-0: Foul Ball, location: 2F 0-1: Ball 1-1: Foul Ball, location: 2F 1-2: Ball 2-2: Foul Ball, location: 2F 2-2: Foul Ball, location: 2F 2-2: Foul Ball, location: 2F 2-2: Fly out, F8 (Flyball, 8RM, EV 98.1 MPH)
|
| Top of the 1st over - 0 runs, 0 hits, 0 errors, 0 left on base; Pawtucket 0 - Buffalo 0 |
| BOTTOM OF THE 1ST |
|
Buffalo Bisons batting - Pitching for Pawtucket Red Sox : RHP Justin Stinson
|
|
Pitching: RHP Justin Stinson
|
|
|
Batting: RHB Danny Burnside
|
0-0: Called Strike 0-1: Foul Ball, location: 2F 0-2: Ball 1-2: Foul Ball, location: 2F 1-2: Foul Ball, location: 2F 1-2: Ball 2-2: Foul Ball, location: 2F 2-2: Foul Ball, location: 2F 2-2: Foul Ball, location: 2F 2-2: Strikes out swinging
|
|
Batting: LHB Michael Byrd
|
0-0: Ball 1-0: Foul Ball, location: 2F 1-1: Ground out 1-3 (Groundball, 34S, EV 67.5 MPH)
|
|
Batting: LHB Josh Stuck
|
0-0: Foul Ball, location: 2F 0-1: SINGLE (Line Drive, 78M, EV 101.2 MPH)
|
|
Batting: RHB Alex Ramos
|
0-0: Ball Josh Stuck steals 2nd base (no throw) 1-0: Called Strike 1-1: Ball 2-1: Ground out U3 (Groundball, 13, EV 85.6 MPH)
|
| Bottom of the 1st over - 0 runs, 1 hit, 0 errors, 1 left on base; Pawtucket 0 - Buffalo 0 |
| TOP OF THE 2ND |
|
Pawtucket Red Sox batting - Pitching for Buffalo Bisons : RHP Justin Sedivy
|
|
Batting: SHB Marvin Lawrence
|
0-0: Called Strike 0-1: Ball 1-1: Ball 2-1: Foul Ball, location: 2F 2-2: SINGLE (Groundball, P, EV 81.9 MPH) (infield hit)
|
|
Batting: LHB Mike Mentzer
|
0-0: Called Strike 0-1: Fly out, F7 (Flyball, 7D, EV 101.2 MPH)
|
|
Batting: SHB Ben Ervin
|
0-0: Ball 1-0: Ball 2-0: Ball 3-0: Foul Ball, location: 2F 3-1: Fielders Choice at 2nd, 3-6 (Groundball, 23, EV 89.4 MPH)
|
|
Batting: RHB Xavier Joslin
|
0-0: Called Strike 0-1: Ball 1-1: Ball 2-1: Foul Ball, location: 2F 2-2: Strikes out swinging
|
| Top of the 2nd over - 0 runs, 1 hit, 0 errors, 1 left on base; Pawtucket 0 - Buffalo 0 |
| BOTTOM OF THE 2ND |
|
Buffalo Bisons batting - Pitching for Pawtucket Red Sox : RHP Justin Stinson
|
|
Batting: RHB Greg Herzig
|
0-0: Ball 1-0: Swinging Strike 1-1: Called Strike 1-2: Foul Ball, location: 2F 1-2: Ball 2-2: Strikes out swinging
|
|
Batting: SHB Phuck
|
0-0: Foul Ball, location: 2F 0-1: Ball 1-1: Foul Ball, location: 2F 1-2: Ball 2-2: Ball 3-2: Ground out U3 (Groundball, 3, EV 100.6 MPH)
|
|
Batting: RHB Jon Aguilar
|
0-0: Ball 1-0: Ball 2-0: Ball 3-0: Base on Balls
|
|
Batting: RHB Tony Rosas
|
0-0: Ball Jon Aguilar steals 2nd base (no throw) 1-0: Foul Ball, location: 2F 1-1: Ball 2-1: Ball 3-1: Foul Ball, location: 2F 3-2: Base on Balls
|
|
Batting: RHB John Loving
|
0-0: Ball 1-0: Foul Ball, location: 2F 1-1: Ball 2-1: Called Strike 2-2: Ball 3-2: Foul Ball, location: 2F 3-2: Ground out 4-3 (Groundball, 4, EV 91.2 MPH)
|
| Bottom of the 2nd over - 0 runs, 0 hits, 0 errors, 2 left on base; Pawtucket 0 - Buffalo 0 |
| TOP OF THE 3RD |
|
Pawtucket Red Sox batting - Pitching for Buffalo Bisons : RHP Justin Sedivy
|
|
Batting: SHB Gus Cruz
|
0-0: Ground out 4-3 (Groundball, 4M, EV 83.1 MPH)
|
|
Batting: LHB Noel Wilson
|
0-0: Ball 1-0: Fly out, F7 (Flyball, 7S, EV 88.8 MPH)
|
|
Batting: RHB Mike Quackenbush
|
0-0: SINGLE (Line Drive, 89S, EV 103.1 MPH)
|
|
Batting: RHB Scott Treider
|
0-0: Ball 1-0: Called Strike Mike Quackenbush steals 2nd, throwing error, E2 Mike Quackenbush to third 1-1: Ball 2-1: Foul Ball, location: 2F 2-2: Ball 3-2: Foul Ball, location: 2F 3-2: Strikes out swinging
|
| Top of the 3rd over - 0 runs, 1 hit, 1 error, 1 left on base; Pawtucket 0 - Buffalo 0 |
| BOTTOM OF THE 3RD |
|
Buffalo Bisons batting - Pitching for Pawtucket Red Sox : RHP Justin Stinson
|
|
Batting: RHB Danny Burnside
|
0-0: Foul Ball, location: 2F 0-1: Ball 1-1: Swinging Strike 1-2: Ball 2-2: Ground out 5-3 (Groundball, 6S, EV 66.9 MPH)
|
|
Batting: LHB Michael Byrd
|
0-0: SOLO HOME RUN (Flyball, 89XD, EV 103.1 MPH), Distance : 397 ft
|
|
Batting: LHB Josh Stuck
|
0-0: Ball 1-0: SINGLE (Groundball, 34D, EV 96.9 MPH) (infield hit)
|
|
Batting: RHB Alex Ramos
|
0-0: Ball Josh Stuck steals 2nd base 1-0: Called Strike Josh Stuck steals 3rd base 1-1: Ground out 5-3 (Groundball, 5, EV 79.4 MPH)
|
|
Batting: RHB Greg Herzig
|
0-0: Called Strike 0-1: Called Strike 0-2: Fly out, F8 (Flyball, 8RXD, EV 100.0 MPH)
|
| Bottom of the 3rd over - 1 run, 2 hits, 0 errors, 1 left on base; Pawtucket 0 - Buffalo 1 |
| TOP OF THE 4TH |
|
Pawtucket Red Sox batting - Pitching for Buffalo Bisons : RHP Justin Sedivy
|
|
Batting: LHB Shoichi Aso
|
0-0: Ball 1-0: Called Strike 1-1: Ball 2-1: Ball 3-1: Base on Balls
|
|
Batting: SHB Marvin Lawrence
|
0-0: Foul Ball, location: 2F 0-1: Swinging Strike 0-2: Ball 1-2: Strikes out swinging
|
|
Batting: LHB Mike Mentzer
|
0-0: SINGLE (Groundball, 4MD, EV 96.2 MPH) Shoichi Aso to second Runner from 2nd tries for 3rd, OUT! 8-5 Mike Mentzer to second
|
|
Batting: SHB Ben Ervin
|
0-0: Ball 1-0: Ball 2-0: Called Strike 2-1: Ball 3-1: Base on Balls
|
|
Batting: RHB Xavier Joslin
|
0-0: Foul Ball, location: 2F 0-1: Ball 1-1: Ground out 1-3 (Groundball, 34S, EV 63.1 MPH)
|
| Top of the 4th over - 0 runs, 1 hit, 0 errors, 2 left on base; Pawtucket 0 - Buffalo 1 |
| BOTTOM OF THE 4TH |
|
Buffalo Bisons batting - Pitching for Pawtucket Red Sox : RHP Justin Stinson
|
|
Batting: SHB Phuck
|
0-0: Ball 1-0: SINGLE (Groundball, 6S, EV 68.1 MPH) (infield hit)
|
|
Batting: RHB Jon Aguilar
|
0-0: SINGLE (Line Drive, 4D, EV 93.8 MPH) Phuck to second
|
|
Batting: RHB Tony Rosas
|
0-0: Called Strike 0-1: Foul Ball, location: 2F 0-2: Foul Ball, location: 2F 0-2: Fly out, F9 (Flyball, 89D, EV 104.4 MPH) Runner from 2nd tags up, SAFE at 3rd, no throw by RF
|
|
Batting: RHB John Loving
|
0-0: Ball Jon Aguilar is caught stealing 2nd base 2-4 1-0: Ball 2-0: Foul Ball, location: 2F 2-1: Foul Ball, location: 2F 2-2: Ground out 6-3 (Groundball, 56, EV 95.6 MPH)
|
| Bottom of the 4th over - 0 runs, 2 hits, 0 errors, 1 left on base; Pawtucket 0 - Buffalo 1 |
| TOP OF THE 5TH |
|
Pawtucket Red Sox batting - Pitching for Buffalo Bisons : RHP Justin Sedivy
|
|
Batting: SHB Gus Cruz
|
0-0: Called Strike 0-1: Ball 1-1: Ball 2-1: TRIPLE (Flyball, 78XD, EV 97.5 MPH)
|
|
Batting: LHB Noel Wilson
|
0-0: Ball 1-0: Swinging Strike 1-1: Ball 2-1: Foul Ball, location: 2F 2-2: Ball 3-2: Fly out, F9 (Flyball, 89S, EV 83.1 MPH)
|
|
Batting: RHB Mike Quackenbush
|
0-0: Foul Ball, location: 2F 0-1: Called Strike 0-2: Strikes out swinging
|
|
Batting: RHB Scott Treider
|
0-0: Foul Ball, location: 2F 0-1: Swinging Strike 0-2: Strikes out swinging
|
| Top of the 5th over - 0 runs, 1 hit, 0 errors, 1 left on base; Pawtucket 0 - Buffalo 1 |
| BOTTOM OF THE 5TH |
|
Buffalo Bisons batting - Pitching for Pawtucket Red Sox : RHP Justin Stinson
|
|
Batting: RHB Danny Burnside
|
0-0: Called Strike 0-1: Foul Ball, location: 2F 0-2: Ball 1-2: Ball 2-2: Ball 3-2: SINGLE (Groundball, 6M, EV 102.5 MPH) (infield hit)
|
|
Batting: LHB Michael Byrd
|
0-0: Ball Danny Burnside steals 2nd, throwing error, E2 Danny Burnside to third 1-0: Foul Ball, location: 2F 1-1: Ball 2-1: Foul Ball, location: 2F 2-2: Foul Ball, location: 2F 2-2: Ball 3-2: Reached on error, E4 (Groundball, 34, EV 103.8 MPH) Danny Burnside scores
|
|
Batting: LHB Josh Stuck
|
0-0: Grounds into double play, 1-6-3 (Groundball, 13, EV 71.9 MPH)
|
|
Batting: RHB Alex Ramos
|
0-0: Foul Ball, location: 2F 0-1: Ball 1-1: Ball 2-1: Ball 3-1: Foul Ball, location: 2F 3-2: Foul Ball, location: 2F 3-2: SINGLE (Groundball, 56S, EV 65.6 MPH) (infield hit)
|
|
Batting: RHB Greg Herzig
|
0-0: Ball Alex Ramos steals 2nd base 1-0: Foul Ball, location: 2F 1-1: SINGLE (Line Drive, 9S, EV 107.5 MPH) Alex Ramos to third Runner from 3rd tries for Home, SAFE, throw by RF to home Greg Herzig to second
|
|
Batting: SHB Phuck
|
0-0: Ball 1-0: Called Strike 1-1: Ball 2-1: Foul Ball, location: 2F 2-2: Ball 3-2: Base on Balls
|
|
Pitching: RHP Wayne Kerrick
|
|
|
Batting: RHB Jon Aguilar
|
0-0: Called Strike 0-1: Swinging Strike 0-2: Ball 1-2: SINGLE (Groundball, 6MD, EV 98.1 MPH) Greg Herzig to third Phuck to second Runner from 3rd tries for Home, SAFE, throw by CF to home
|
|
Batting: RHB Tony Rosas
|
0-0: Ball 1-0: Ball 2-0: Ball 3-0: Base on Balls Phuck to third Jon Aguilar to second
|
|
Batting: RHB John Loving
|
0-0: Ball 1-0: Foul Ball, location: 2F 1-1: Called Strike 1-2: Ball 2-2: Ground out 4-3 (Groundball, 4S, EV 70.0 MPH)
|
| Bottom of the 5th over - 3 runs, 4 hits, 2 errors, 3 left on base; Pawtucket 0 - Buffalo 4 |
| TOP OF THE 6TH |
|
Pawtucket Red Sox batting - Pitching for Buffalo Bisons : RHP Justin Sedivy
|
|
Batting: LHB Shoichi Aso
|
0-0: Called Strike 0-1: Ball 1-1: Ball 2-1: Foul Ball, location: 2F 2-2: Ball 3-2: Foul Ball, location: 2F 3-2: Fly out, F9 (Flyball, 89D, EV 95.0 MPH)
|
|
Batting: SHB Marvin Lawrence
|
0-0: Ball 1-0: Ball 2-0: Ball 3-0: Base on Balls
|
|
Batting: LHB Mike Mentzer
|
0-0: Called Strike 0-1: Swinging Strike 0-2: Ball 1-2: 2-RUN HOME RUN (Flyball, 89XD, EV 100.6 MPH), Distance : 403 ft
|
|
Batting: SHB Ben Ervin
|
0-0: Swinging Strike 0-1: Ball 1-1: Foul Ball, location: 2F 1-2: Foul Ball, location: 2F 1-2: Ball 2-2: Strikes out looking
|
|
Batting: RHB Xavier Joslin
|
0-0: Called Strike 0-1: Ground out 5-3 (Groundball, 15, EV 80.6 MPH)
|
| Top of the 6th over - 2 runs, 1 hit, 0 errors, 0 left on base; Pawtucket 2 - Buffalo 4 |
| BOTTOM OF THE 6TH |
|
Buffalo Bisons batting - Pitching for Pawtucket Red Sox : RHP Wayne Kerrick
|
|
Batting: RHB Danny Burnside
|
0-0: Ball 1-0: Ball 2-0: Called Strike 2-1: Foul Ball, location: 2F 2-2: Ball 3-2: Base on Balls
|
|
Batting: LHB Michael Byrd
|
0-0: Called Strike Danny Burnside steals 2nd base (no throw) 0-1: Ball 1-1: Ball 2-1: Called Strike 2-2: Ball 3-2: SINGLE (Line Drive, 7S, EV 88.1 MPH) Danny Burnside to third
|
|
Batting: LHB Josh Stuck
|
0-0: Called Strike 0-1: Foul Ball, location: 2F 0-2: Fly out, F8 (Flyball, 8RD, EV 101.2 MPH) Runner from 3rd tags up, SCORES, no throw by CF
|
|
Batting: RHB Alex Ramos
|
0-0: Called Strike Michael Byrd steals 2nd base 0-1: Called Strike 0-2: Ball 1-2: Fly out, F8 (Flyball, 89XD, EV 79.4 MPH) Runner from 2nd tags up, SAFE at 3rd, no throw by CF
|
|
Batting: RHB Greg Herzig
|
0-0: Called Strike 0-1: Ball 1-1: Ball 2-1: Ball 3-1: Base on Balls
|
|
Pitching: RHP Roger Warren
|
|
|
Batting: SHB Phuck
|
0-0: Called Strike 0-1: Foul Ball, location: 2F 0-2: Ball 1-2: Ball 2-2: Fly out, F8 (Flyball, 78D, EV 109.4 MPH)
|
| Bottom of the 6th over - 1 run, 1 hit, 0 errors, 2 left on base; Pawtucket 2 - Buffalo 5 |
| TOP OF THE 7TH |
|
Pawtucket Red Sox batting - Pitching for Buffalo Bisons : RHP Justin Sedivy
|
|
Pitching: RHP Gilberto Dominguez
|
|
|
Batting: SHB Gus Cruz
|
0-0: Ball 1-0: Called Strike 1-1: Called Strike 1-2: Ball 2-2: Foul Ball, location: 2F 2-2: Strikes out looking
|
|
Batting: LHB Noel Wilson
|
0-0: Ball 1-0: Fly out, F4 (Popup, 4M, EV 63.8 MPH)
|
|
Batting: RHB Mike Quackenbush
|
0-0: Called Strike 0-1: Fly out, F9 (Flyball, 89XD, EV 102.5 MPH)
|
| Top of the 7th over - 0 runs, 0 hits, 0 errors, 0 left on base; Pawtucket 2 - Buffalo 5 |
| BOTTOM OF THE 7TH |
|
Buffalo Bisons batting - Pitching for Pawtucket Red Sox : RHP Roger Warren
|
|
Batting: RHB Jon Aguilar
|
0-0: Swinging Strike 0-1: Called Strike 0-2: Ball 1-2: Ball 2-2: Ball 3-2: Foul Ball, location: 2F 3-2: Strikes out swinging
|
|
Batting: RHB Tony Rosas
|
0-0: Ground out 5-3 (Groundball, 56, EV 108.8 MPH)
|
|
Batting: RHB John Loving
|
0-0: Foul Ball, location: 2F 0-1: Called Strike 0-2: Strikes out swinging
|
| Bottom of the 7th over - 0 runs, 0 hits, 0 errors, 0 left on base; Pawtucket 2 - Buffalo 5 |
| TOP OF THE 8TH |
|
Pawtucket Red Sox batting - Pitching for Buffalo Bisons : RHP Gilberto Dominguez
|
|
Pitching: RHP Chase Schlong
|
|
|
Batting: RHB Scott Treider
|
0-0: Ball 1-0: SINGLE (Line Drive, 6MD, EV 94.4 MPH)
|
|
Batting: LHB Shoichi Aso
|
0-0: Called Strike 0-1: Ball 1-1: Called Strike 1-2: Foul Ball, location: 2F 1-2: Strikes out looking
|
|
Batting: SHB Marvin Lawrence
|
0-0: Ball 1-0: Foul Ball, location: 2F 1-1: Ball 2-1: Grounds into double play, 4-6-3 (Groundball, 34, EV 95.6 MPH)
|
| Top of the 8th over - 0 runs, 1 hit, 0 errors, 0 left on base; Pawtucket 2 - Buffalo 5 |
| BOTTOM OF THE 8TH |
|
Buffalo Bisons batting - Pitching for Pawtucket Red Sox : RHP Roger Warren
|
|
Pitching: RHP Josh Weiser
|
|
|
Batting: RHB Danny Burnside
|
0-0: Called Strike 0-1: Ball 1-1: Reached on error, E5 (Groundball, 5S, EV 73.8 MPH)
|
|
Batting: LHB Michael Byrd
|
0-0: Ball Danny Burnside steals 2nd base 1-0: Ball 2-0: Ball 3-0: Called Strike 3-1: Base on Balls
|
|
Batting: LHB Josh Stuck
|
0-0: Ball 1-0: Ball 2-0: Ball 3-0: Called Strike 3-1: Foul Ball, location: 2F 3-2: Base on Balls Danny Burnside to third Michael Byrd to second
|
|
Batting: RHB Alex Ramos
|
0-0: Ball 1-0: Fly out, F8 (Flyball, 8LD, EV 92.5 MPH) Runner from 3rd tags up, SCORES, throw by CF Michael Byrd to third
|
|
Batting: RHB Greg Herzig
|
0-0: Ball 1-0: Ball Josh Stuck steals 2nd base (no throw) 2-0: Called Strike 2-1: Ground out 6-3 (Groundball, 6, EV 108.1 MPH) Michael Byrd scores
|
|
Batting: SHB Phuck
|
0-0: Ball 1-0: Ball 2-0: Ball 3-0: Called Strike 3-1: Fly out, F6 (Popup, 4MS, EV 56.9 MPH)
|
| Bottom of the 8th over - 2 runs, 0 hits, 1 error, 1 left on base; Pawtucket 2 - Buffalo 7 |
| TOP OF THE 9TH |
|
Pawtucket Red Sox batting - Pitching for Buffalo Bisons : RHP Chase Schlong
|
|
Batting: LHB Mike Mentzer
|
0-0: Ball 1-0: Ball 2-0: Foul Ball, location: 2F 2-1: Reached via error on a dropped throw from 1B, E1 (Groundball, 34, EV 108.8 MPH)
|
|
Batting: SHB Ben Ervin
|
0-0: Ball 1-0: Ball 2-0: Ball 3-0: Base on Balls Mike Mentzer to second
|
|
Batting: LHB Justin Wenzel
|
0-0: Ball 1-0: Called Strike 1-1: Swinging Strike 1-2: Strikes out swinging
|
|
Batting: SHB Gus Cruz
|
0-0: Ball 1-0: Called Strike 1-1: SINGLE (Line Drive, 7S, EV 101.2 MPH) Mike Mentzer to third Ben Ervin to second
|
|
Pitching: RHP Junpei Yamazaki
|
|
|
Batting: LHB Noel Wilson
|
0-0: Ball 1-0: Ball 2-0: Ground out 4-3 (Groundball, 4D, EV 88.8 MPH) Mike Mentzer scores Ben Ervin to third Gus Cruz to second
|
|
Batting: RHB Mike Quackenbush
|
0-0: Ball 1-0: Ball Wild Pitch! Ben Ervin scores Gus Cruz to third 2-0: Fly out, F7 (Flyball, 7D, EV 88.8 MPH)
|
| Top of the 9th over - 2 runs, 1 hit, 1 error, 1 left on base; Pawtucket 4 - Buffalo 7 |
|